 Dungeon Sprint DCSS version 0.23-a0-208-gb6b040f (webtiles) character file.

2755 Felrender the Cleaver (level 9, -8/86 HPs)
             Began as a Minotaur Fighter on Sept 24, 2018.
             Was an Elder of Okawaru.
             Mangled by an eight-headed hydra (10 damage)
             ... in the Dungeon (Sprint IX: "|||||||||||||||||||||||||||||").
             The game lasted 00:03:35 (809 turns).

Felrender the Cleaver (Minotaur Fighter)             Turns: 809, Time: 00:03:35

Health: -8/86      AC: 16    Str: 24    XL:     9   Next: 41%
Magic:  6/8        EV: 14    Int:  5    God:    Okawaru [****..]
Gold:   0          SH:  0    Dex: 16    Spells: 8/8 levels left

rFire    . . .     SeeInvis .   v - +4 quarterstaff (crush)
rCold    . . .     Gourm    .   (shield currently unavailable)
rNeg     . . .     Faith    .   a - +3 chain mail
rPois    .         Spirit   .   (helmet restricted)
rElec    .         Reflect  .   (no cloak)
rCorr    .         Harm     .   (no gloves)
MR       .....     NoTele   +   (no boots)
Stlth    +.........             (no amulet)
HPRegen  0.24/turn              t - +3 ring of dexterity
MPRegen  0.11/turn              u - +3 ring of dexterity

@: lethally poisoned (-8 -> -9), heroism
A: retaliatory headbutt, horns 2
a: Heroism, Renounce Religion


You were in the Dungeon.
You worshipped Okawaru.
Okawaru was greatly pleased with you.
You were not hungry.

You visited 1 branch

Inventory:

Hand Weapons
 m - a +0 dagger of speed
 r - a +2 scimitar of holy wrath
 s - a +5 war axe of chopping
 v - a +4 quarterstaff of crushing (weapon)
Armour
 a - a +3 chain mail (worn)
 b - a +0 scale mail
 c - a +0 shield
Jewellery
 t - a +3 ring of dexterity (left hand)
 u - a +3 ring of dexterity (right hand)
Wands
 q - a wand of acid (10)
Scrolls
 k - 2 scrolls of blinking
 o - 3 scrolls of remove curse
 p - 2 scrolls of amnesia
 x - a scroll of fog
 y - a scroll of fear
 B - a scroll of identify
Potions
 d - a potion of might
 e - 5 potions of curing
 g - a potion of resistance
 h - 3 potions of haste
 i - 4 potions of magic
 j - 2 potions of berserk rage
 n - a potion of invisibility
 w - 2 potions of heal wounds
Comestibles
 f - a ration


   Skills:
 + Level 10.8(15.8) Fighting
 + Level 5.6(10.6) Short Blades
 + Level 13.7(18.7) Axes
 * Level 10.4(15.4) Staves
 + Level 10.8(15.8) Armour
 + Level 4.1(9.1) Dodging
 + Level 2.0(7.0) Stealth
 + Level 10.7(15.7) Shields


You had 8 spell levels left.
You didn't know any spells.
Your spell library was empty.

Dungeon Overview and Level Annotations

Branches:
Dungeon (1/1)

Altars:
Cheibriados
Dithmenos
Elyvilon
Fedhas
Gozag
Hepliaklqana
Kikubaaqudgha
Makhleb
Nemelex Xobeh
Okawaru
Qazlal
Ru
Sif Muna
Trog
Uskayaw
Vehumet
Wu Jian
Xom
Yredelemnul
Zin
The Shining One
Beogh
Jiyva
Lugonu


Innate Abilities, Weirdness & Mutations

You reflexively headbutt those who attack you in melee.
You have a pair of horns on your head.


Message History

The eight-headed hydra closely misses you.
The eight-headed hydra bites you but does no damage.
You gain the combat prowess of a mighty hero.
The eight-headed hydra bites you but does no damage. x3
The eight-headed hydra misses you. The eight-headed hydra bites you!
* * * LOW HITPOINT WARNING * * *
The eight-headed hydra bites you.
* * * LOW HITPOINT WARNING * * *
The eight-headed hydra bites you but does no damage.
The eight-headed hydra misses you.
You bludgeon the eight-headed hydra!! You headbutt the eight-headed hydra!
The eight-headed hydra is severely wounded.
The eight-headed hydra bites you.
* * * LOW HITPOINT WARNING * * *
The eight-headed hydra bites you but does no damage. x3
The eight-headed hydra closely misses you.
The eight-headed hydra bites you.
* * * LOW HITPOINT WARNING * * *
The eight-headed hydra misses you. The eight-headed hydra bites you!
You die...

▓▓▓▓▓▓▓▓▓▓▓▓▓▓▓▓▓▓▓▓▓▓▓▓
[.....÷.........@DSrtYF.
▓▓▓▓▓▓▓▓▓▓▓▓▓▓▓▓▓▓▓▓▓▓▓▓▓▓▓▓▓▓▓▓▓
.................................
▓▓▓▓▓▓▓▓▓▓▓▓▓▓▓▓▓▓▓▓▓▓▓▓▓▓▓▓▓▓▓▓▓
.'________________________'..|)[[
▓▓▓▓▓▓▓▓▓▓▓▓▓▓▓▓▓▓▓▓▓▓▓▓▓▓▓▓▓▓▓▓▓


You could see an eight-headed hydra, an elephant, a spiny frog, a water
moccasin, a crocodile and a porcupine.

Vanquished Creatures
  3 spiny frogs (D)
  A komodo dragon (D)
  2 hippogriffs (D)
  A shadow (D)
  A fire bat (shapeshifter) (D)
  A yak (D)
  2 water moccasins (D)
  A porcupine (D)
  An eye of draining (D)
  An orc warrior (D)
  An eye of draining (shapeshifter) (D)
  A black bear (D)
  2 crocodiles (D)
  A crimson imp (D)
  A jelly (D)
  A worker ant (D)
  A shadow imp (D)
  A worm (D)
  A leopard gecko (D)
  2 bat skeletons (D)
  A goblin (D)
  2 quokkas (D)
  A bat (D)
  A jackal zombie (D)
  3 kobolds (D)
34 creatures vanquished.

Notes
Turn   | Place    | Note
-------+----------+-------------------------------------------
     0 | D        | Felrender the Minotaur Fighter began the quest for the Orb.
     0 | D        | Reached XP level 1. HP: 19/19 MP: 0/0
    29 | D        | Noticed a worker ant
    45 | D        | Reached XP level 2. HP: 27/28 MP: 1/1
    67 | D        | Reached skill level 5 in Fighting
    67 | D        | Reached skill level 3 in Axes
    67 | D        | Reached skill level 5 in Armour
    67 | D        | Reached skill level 5 in Shields
    67 | D        | Reached XP level 3. HP: 34/36 MP: 2/2
    81 | D        | Found a roughly hewn altar of Beogh.
    81 | D        | Found a snail-covered altar of Cheibriados.
    81 | D        | Found a shadowy altar of Dithmenos.
    81 | D        | Found a white marble altar of Elyvilon.
    81 | D        | Found a blossoming altar of Fedhas.
    81 | D        | Found an opulent altar of Gozag.
    82 | D        | Found a hazy altar of Hepliaklqana.
    83 | D        | Found a viscous altar of Jiyva.
    84 | D        | Found an ancient bone altar of Kikubaaqudgha.
    85 | D        | Found a corrupted altar of Lugonu.
    86 | D        | Found a burning altar of Makhleb.
    87 | D        | Found a sparkling altar of Nemelex Xobeh.
    88 | D        | Found an iron altar of Okawaru.
    89 | D        | Found a stormy altar of Qazlal.
    90 | D        | Found a sacrificial altar of Ru.
    91 | D        | Found a deep blue altar of Sif Muna.
    92 | D        | Found a bloodstained altar of Trog.
    93 | D        | Found a hide-covered altar of Uskayaw.
    94 | D        | Found a radiant altar of Vehumet.
    95 | D        | Found an ornate altar of the Wu Jian Council.
    96 | D        | Found a shimmering altar of Xom.
    97 | D        | Found a basalt altar of Yredelemnul.
    98 | D        | Found a glowing silver altar of Zin.
   102 | D        | Became a worshipper of Warmaster Okawaru
   106 | D        | Found a glowing golden altar of the Shining One.
   158 | D        | Noticed an eye of draining
   166 | D        | Killed an eye of draining
   166 | D        | Reached * piety under Okawaru
   166 | D        | Reached skill level 4 in Axes
   166 | D        | Reached skill level 1 in Dodging
   166 | D        | Reached XP level 4. HP: 45/45 MP: 0/3
   166 | D        | Reached XP level 5. HP: 51/51 MP: 0/4
   174 | D        | Reached skill level 5 in Axes
   174 | D        | Reached skill level 1 in Staves
   205 | D        | Noticed a shadow
   205 | D        | Noticed an orc warrior
   205 | D        | Noticed an eye of draining
   205 | D        | Noticed a meliai
   205 | D        | Noticed a black bear
   209 | D        | Noticed a blink frog
   209 | D        | a meliai changed into a blink frog
   214 | D        | Killed a shadow
   214 | D        | Reached skill level 6 in Axes
   214 | D        | Reached XP level 6. HP: 15/61 MP: 0/5
   221 | D        | Killed an orc warrior
   221 | D        | Reached skill level 7 in Axes
   221 | D        | Reached skill level 5 in Staves
   221 | D        | Noticed a fire bat
   221 | D        | a blink frog changed into a fire bat
   224 | D        | Reached ** piety under Okawaru
   224 | D        | Reached skill level 8 in Axes
   225 | D        | Reached skill level 1 in Stealth
   225 | D        | Reached XP level 7. HP: 60/69 MP: 0/6
   226 | D        | Killed a fire bat
   226 | D        | Reached skill level 9 in Axes
   228 | D        | Reached skill level 5 in Short Blades
   438 | D        | Noticed a spiny frog
   438 | D        | Noticed a komodo dragon
   438 | D        | Noticed a yak
   441 | D        | Noticed a hippogriff
   441 | D        | Reached skill level 10 in Axes
   444 | D        | Reached XP level 8. HP: 78/78 MP: 7/7
   446 | D        | Noticed a spiny frog
   447 | D        | Killed a spiny frog
   454 | D        | Killed a komodo dragon
   454 | D        | Reached *** piety under Okawaru
   454 | D        | Reached skill level 11 in Axes
   454 | D        | Reached skill level 10 in Armour
   454 | D        | Reached skill level 10 in Shields
   459 | D        | Reached skill level 10 in Fighting
   464 | D        | Killed a hippogriff
   464 | D        | Reached skill level 12 in Axes
   476 | D        | Killed a spiny frog
   476 | D        | Reached XP level 9. HP: 13/86 MP: 8/8
   786 | D        | Noticed a spiny frog
   786 | D        | Noticed an eight-headed hydra
   793 | D        | Killed a spiny frog
   793 | D        | Reached **** piety under Okawaru
   793 | D        | Reached skill level 13 in Axes
   793 | D        | Reached skill level 10 in Staves
   794 | D        | Noticed an elephant
   804 | D        | Noticed a spiny frog
   806 | D        | HP: 2/86 [eight-headed hydra (6)]
   809 | D        | Mangled by an eight-headed hydra

Vault maps used:
D:        linesprint

Skill      XL: |  1  2  3  4  5  6  7  8  9 |
---------------+----------------------------+-----
Fighting       | 4 5 6 7 8 9 10 | 10.8
Armour         | 4 5 6 8 9 10 | 10.8
Shields        | 4 5 7 8 9 10 | 10.7
Short Blades   | 2 4 5 |  5.6
Axes           | 3 4 6 8 10 12 13 | 13.7
Dodging        | 1 2 3 4 |  4.1
Staves         | 4 5 7 9 10 | 10.4
Stealth        | 1 2 |  2.0

Action                   |  1- 3 |  4- 6 |  7- 9 || total
-------------------------+-------+-------+-------++-------
Melee: Dagger            |    41 |       |       ||    41
       War axe           |    21 |    19 |    53 ||    93
       Headbutt          |     7 |     4 |    16 ||    27
       Quarterstaff      |       |       |     1 ||     1
Invok: Heroism           |       |     1 |     1 ||     2
  Use: Potion            |       |     3 |     2 ||     5
       Scroll            |       |       |     4 ||     4
Armor: Scale mail        |    12 |       |       ||    12
       Chain mail        |     9 |     3 |    38 ||    50
Dodge: Dodged            |    15 |     3 |    34 ||    52
Block: Shield            |    23 |     7 |    24 ||    54

Table legend:
 A = Non-vault XP
 B = Vault XP
 C = Vault XP percentage of total XP
 D = Non-vault monster count
 E = Vault monster count
 F = Vault count percentage of total count
                 A         B        C        D         E       F
            +---------+---------+-------+---------+---------+-------
      Total |       0 |    3937 | 100.0 |       0 |      34 | 100.0
            +---------+---------+-------+---------+---------+-------
          D |       0 |    3937 | 100.0 |       0 |      34 | 100.0
            +---------+---------+-------+---------+---------+-------
